 Dungeon Crawl Stone Soup version 0.25-a0-413-g3b4b6a4ccc (webtiles) character file.

Game seed: 629870552955352869, levelgen mode: deterministic

1283 Borgoz the Cudgeler (level 8, -17/75 HPs)
             Began as a Gargoyle Berserker on Jan 17, 2020.
             Was a Priest of Trog.
             Demolished by a large slime creature (25 damage)
             ... on level 6 of the Dungeon.
             The game lasted 00:06:14 (4913 turns).

Borgoz the Cudgeler (Gargoyle Berserker)            Turns: 4913, Time: 00:06:15

Health: -17/75     AC: 19    Str: 27    XL:     8   Next: 55%
Magic:  8/8        EV: 10    Int:  8    God:    Trog [***...]
Gold:   460        SH:  0    Dex: 10    Spells: 7/7 levels left

rFire    . . .     SeeInvis .   y - +0 flail
rCold    . . .     Gourm    .   (no shield)
rNeg     + . .     Faith    .   x - +0 chain mail
rPois    ∞         Spirit   .   f - +0 helmet
rElec    +         Reflect  .   (no cloak)
rCorr    .         Harm     .   s - +0 pair of gloves
MR       .....                  z - +0 pair of boots (curse)
Stlth    ..........             e - amulet of the acrobat
HPRegen  0.22/turn              (no ring)
MPRegen  0.11/turn              (no ring)

@: berserking (expiring), very quick
A: negative energy resistance 1, electricity resistance, unbreathing,
petrification resistance, rot immunity, AC +5
a: Berserk, Trog's Hand, Renounce Religion


You were on level 6 of the Dungeon.
You worshipped Trog.
Trog was most pleased with you.
You were near starving.

You visited 1 branch of the dungeon, and saw 6 of its levels.
You also visited: Ossuary.

You collected 460 gold pieces.

Inventory:

Hand Weapons
 y - a +0 flail (weapon)
Armour
 f - a +0 helmet (worn)
 s - a +0 pair of gloves (worn)
 x - a +0 chain mail (worn)
 z - a cursed +0 pair of boots (worn)
Jewellery
 e - an amulet of the acrobat (around neck)
Wands
 w - a wand of iceblast (9)
Scrolls
 g - a scroll of remove curse
 h - a scroll of enchant armour
 k - a scroll of fear
 l - a scroll of amnesia {unknown}
 m - a scroll of enchant weapon
 p - a scroll of teleportation
 v - 3 scrolls of identify {unknown}
Potions
 b - a potion of lignification {unknown}
 d - 3 potions of haste {unknown}
 i - 4 potions of curing
 j - 2 potions of agility {unknown}
 n - 3 potions of mutation {unknown}
 o - a potion of brilliance {unknown}
 q - a potion of heal wounds {unknown}
 r - a potion of degeneration {unknown}
 t - a potion of might {unknown}
 u - a potion of invisibility {unknown}
 A - a potion of experience {unknown}
Comestibles
 a - a chunk of flesh
 c - 7 rations


   Skills:
 + Level 5.5 Fighting
 * Level 6.5 Maces & Flails
 + Level 4.8 Armour
 * Level 5.1 Dodging


You had 7 spell levels left.
You didn't know any spells.
Your spell library was empty.

Dungeon Overview and Level Annotations

Branches:
Dungeon (6/15)            Ossuary (visited)
 Temple: D:4-7

Altars:
Dithmenos
Hepliaklqana
Vehumet
Zin
The Shining One

Annotations:
D:3 Sigmund


Innate Abilities, Weirdness & Mutations

You are resistant to torment.
Your stone body is resilient. (AC +5)
You are immune to poison.
You resist negative energy. (rN+)
You are resistant to electric shocks. (rElec)
You can survive without breathing.
You are immune to petrification.
You are immune to rotting.


Message History

The large slime creature closely misses you.
You thump the large slime creature!
The large slime creature is moderately wounded.
The large slime creature closely misses you.
You sock the large slime creature!
The large slime creature is heavily wounded.
The large slime creature hits you but does no damage.
You barely miss the large slime creature.
The large slime creature is heavily wounded.
You sock the large slime creature!
The large slime creature is heavily wounded.
The large slime creature hits you!
You sock the large slime creature!
The large slime creature is severely wounded.
The large slime creature hits you!!
* * * LOW HITPOINT WARNING * * *
You hit the large slime creature.
The large slime creature is severely wounded.
The large slime creature hits you!!
You die... ########## #.P...P÷P$ #.P...P÷P÷ #...P...P. #...JJP... #.J.P.J... #JJ.PJP.P.

#J#######
##@)...(##
########.#
#....'..##
#....####
#.......#
#.......#
#.......#
#.......#
..
##))†..##
...


You could see a large slime creature and 3 oozes.

Vanquished Creatures
  Eustachio (D:4)
  A water moccasin (D:5)
  A sky beast (D:6)
  An ogre (D:5)
  Blork the orc (D:4)
  3 big kobolds (D:6)
  A scorpion (D:5)
  A quasit (D:6)
  2 hounds
  A jelly (D:5)
  A bullfrog skeleton (D:5)
  An orc priest (D:3)
  2 iguanas (D:5)
  An orc wizard (D:5)
  2 hound skeletons
  8 mummies (Ossuary)
  6 adders
  A shadow imp (D:5)
  An ooze (D:6)
  2 adder skeletons (D:4)
  2 worms (D:2)
  3 dart slugs
  A leopard gecko (D:4)
  10 orcs
  A ball python (D:2)
  4 bats
  3 giant cockroaches
  2 gnoll zombies (Ossuary)
  5 goblins
  8 hobgoblins
  9 jackals
  A quokka (D:5)
  5 frilled lizards
  4 hobgoblin zombies (Ossuary)
  5 kobolds
  2 orc zombies (Ossuary)
  A quokka zombie (D:5)
  7 rats
111 creatures vanquished.

Vanquished Creatures (others)
  2 fungi (D:6)
  4 toadstools (D:6)
6 creatures vanquished.

Grand Total: 117 creatures vanquished

Notes
Turn   | Place    | Note
-------+----------+-------------------------------------------
     0 | D:1      | Borgoz the Gargoyle Berserker began the quest for the Orb.
     0 | D:1      | Reached XP level 1. HP: 14/14 MP: 1/1
    40 | D:1      | Reached XP level 2. HP: 8/19 MP: 2/2
   807 | D:1      | Reached XP level 3. HP: 21/23 MP: 3/3
  1250 | D:2      | Reached ** piety under Trog
  1503 | D:2      | Reached XP level 4. HP: 26/29 MP: 4/4
  1842 | D:3      | Found a radiant altar of Vehumet.
  2070 | D:2      | Found a shadowy altar of Dithmenos.
  2176 | D:3      | HP: 1/29 [orc/+0 trident (3)]
  2181 | D:3      | Reached skill level 4 in Maces & Flails
  2181 | D:3      | Reached XP level 5. HP: 16/33 MP: 5/5
  2536 | D:3      | Noticed Sigmund
  2732 | D:4      | Noticed Blork the orc
  2744 | D:4      | Killed Blork the orc
  3092 | D:4      | Found a glowing golden altar of the Shining One.
  3148 | D:4      | Reached XP level 6. HP: 38/38 MP: 6/6
  3318 | D:4      | Found a glowing silver altar of Zin.
  3325 | D:4      | Found a hazy altar of Hepliaklqana.
  3367 | D:4      | Noticed Eustachio
  3379 | D:4      | Killed Eustachio
  3479 | D:5      | Entered Level 5 of the Dungeon
  3479 | D:5      | Noticed a water moccasin
  3489 | D:5      | Killed a water moccasin
  3489 | D:5      | Reached skill level 5 in Maces & Flails
  3489 | D:5      | Reached XP level 7. HP: 30/44 MP: 7/7
  3628 | D:5      | Found a sand-covered staircase.
  3632 | Ossuary  | Entered an ossuary
  3668 | Ossuary  | Reached *** piety under Trog
  3962 | Ossuary  | HP: 1/44 [mummy (12)]
  4421 | D:5      | Reached skill level 5 in Fighting
  4466 | D:5      | Reached XP level 8. HP: 49/49 MP: 8/8
  4522 | D:5      | Reached skill level 6 in Maces & Flails
  4851 | D:6      | Reached skill level 5 in Dodging
  4890 | D:6      | Noticed a slime creature
  4891 | D:6      | Noticed a slime creature
  4913 | D:6      | Demolished by a large slime creature

Levels and vault maps discovered:
D:1:      dpeg_arrival_tiny_g, layout_loops_ring, minmay_nonomino_d4
D:2:      lemuel_upstairs_altar, layout_basic, serial_bayou_lake_a
D:3:      layout_basic, vehumet_crystals, first_ration, uniq_sigmund
D:4:      layout_gridville, tso_oasis_becter, amethyst_overflow_temple_binary,
          uniq_blork_the_orc, uniq_eustachio
D:5:      layout_cave_pools, enter_ossuary_5
D:6:      cheibrodos_fertilizer, layout_basic, fedhas_bush_and_centaur_altar,
          lemuel_coloured_pillars_altar

Skill      XL: |  1  2  3  4  5  6  7  8 |
---------------+-------------------------+-----
Dodging        | 2 3 4 5 |  5.1
Maces & Flails | 4 5 6 |  6.5
Armour         | 3 4 |  4.8
Fighting       | 4 5 |  5.5

Action                   |  1- 3 |  4- 6 |  7- 9 || total
-------------------------+-------+-------+-------++-------
Melee: Mace              |   115 |   146 |   120 ||   381
       Flail             |       |       |    86 ||    86
Invok: Berserk           |     1 |     5 |     3 ||     9
       Trog's Hand       |       |       |     2 ||     2
  Use: Potion            |       |     2 |     1 ||     3
       Scroll            |       |     1 |     6 ||     7
  Eat: Chunk             |     3 |    10 |     5 ||    18
       Ration            |       |       |     1 ||     1
Armor: Animal skin       |    37 |    53 |    29 ||   119
       Chain mail        |       |       |   119 ||   119
Dodge: Dodged            |    76 |   133 |   154 ||   363

Table legend:
 A = Non-vault XP
 B = Vault XP
 C = Vault XP percentage of total XP
 D = Non-vault monster count
 E = Vault monster count
 F = Vault count percentage of total count
                 A         B        C        D         E       F
            +---------+---------+-------+---------+---------+-------
      Total |    1091 |     743 |  40.5 |      79 |      32 |  28.8
            +---------+---------+-------+---------+---------+-------
        D:1 |      26 |      11 |  29.7 |      14 |       6 |  30.0
        D:2 |      60 |       0 |   0.0 |      15 |       0 |   0.0
        D:3 |     112 |       0 |   0.0 |      24 |       0 |   0.0
        D:4 |      56 |     284 |  83.5 |       5 |       2 |  28.6
        D:5 |     628 |       0 |   0.0 |      17 |       0 |   0.0
        D:6 |     209 |     294 |  58.4 |       4 |       8 |  66.7
    Ossuary |       0 |     154 | 100.0 |       0 |      16 | 100.0
            +---------+---------+-------+---------+---------+-------
